 Seeded DCSS version 0.30-a0-883-g5ad918d77d (webtiles) character file.

Game seed: 155146015726697391 (custom seed)

116 Mickster the Covered (level 4, -6/34 HPs)
             Began as a Demigod Wanderer on Mar 17, 2023.
             Killed by divine providence
             ... invoked by an orc priest
              (14 damage)
             ... on level 3 of the Dungeon.
             The game lasted 00:28:39 (2586 turns).

Mickster the Covered (Demigod Wanderer)             Turns: 2586, Time: 00:28:43

Health: -6/34      AC: 11    Str: 16    XL:     4   Next: 42%
Magic:  8/8        EV:  7    Int: 13    God:
Gold:   30         SH:  0    Dex: 15    Spells: 4/5 levels left

rFire   . . .      SeeInvis +    o - +0 quarterstaff (drain)
rCold   + . .      Faith    .    (shield currently unavailable)
rNeg    . . .      Spirit   .    l - +0 chain mail
rPois   .          Reflect  .    j - +0 helmet
rElec   .          Rampage  .    n - +0 cloak
rCorr   .                        (no gloves)
Will    .....                    (no boots) Stlth
                                 (no amulet)
HPRegen 0.25/turn                b - ring of see invisible
MPRegen 0.11/turn                m - ring of protection from cold

@: no status effects
A: high MP 1, forlorn, divine attributes
a: no special abilities


You were on level 3 of the Dungeon.
You visited 1 branch of the dungeon, and saw 3 of its levels.

You collected 58 gold pieces.
You spent 28 gold pieces at shops.

Inventory:

Hand Weapons
 a - a +0 dagger
 e - a +0 spear
 f - a +0 war axe
 h - a +0 mace
 o - a +0 quarterstaff of draining (weapon)
Missiles
 i - 9 stones
Armour
 d - a +2 scale mail
 j - a +0 helmet (worn)
 l - a +0 chain mail (worn)
 n - a +0 cloak (worn)
Jewellery
 b - a ring of see invisible (left hand)
 m - a ring of protection from cold (right hand)
Scrolls
 p - a scroll of enchant armour {unknown}
Potions
 c - a potion of heal wounds
 g - a potion of resistance
 k - a potion of magic


   Skills:
 + Level 0.9 Fighting
 - Level 0.8 Short Blades
 - Level 1.1 Axes
 * Level 0.1 Staves
 * Level 2.0 Throwing
 + Level 4.1 Armour
 + Level 0.3 Dodging
 * Level 1.4 Spellcasting
 * Level 0.3 Transmutations
 * Level 3.8 Poison Magic


You had 4 spell levels left.
You knew the following spells:

 Your Spells              Type           Power      Damage    Failure   Level
a - Sting                 Tmut/Pois      24%        1d4       88%         1

Your spell library contained the following spells:

 Spells                   Type           Power      Damage    Failure   Level
 Apportation              Tloc           0%         N/A       99%         1
 Passwall                 Tmut/Erth      0%         N/A       99%         2
 Blink                    Tloc           0%         N/A       100%        2
 Ensorcelled Hibernation  Hex/Ice        0%         N/A       100%        2
 Ignite Poison            Fire/Tmut/Pois 4%         N/A       100%        3
 Swiftness                Air            0%         N/A       100%        3
 Animate Dead             Necr           0%         N/A       100%        4
 Manifold Assault         Tloc           0%         N/A       100%        4
 Alistair's Intoxication  Tmut/Pois      4%         N/A       100%        5
 Haunt                    Necr/Summ      0%         N/A       100%        7
 Storm Form               Tmut/Air       0%         N/A       100%        7
 Infestation              Necr           0%         N/A       100%        8


Dungeon Overview and Level Annotations

Branches:
Dungeon (3/15)

Shops:
D:3 :*


Innate Abilities, Weirdness & Mutations

You have an increased reservoir of magic. (+10% MP)
You shall have no god before yourself.
Your divine heritage dramatically boosts your attributes as you level up.


Message History

The dart slug launches a dart at you.
The slug dart hits you but does no damage.
You closely miss the orc. The orc hits you with a +0 hand axe.
The dart slug bites you but does no damage.
You hit the orc but do no damage. You drain the orc.
The orc is moderately wounded.
The orc hits you with a +0 hand axe. The dart slug closely misses you.
You closely miss the orc.
The orc is moderately wounded.
The orc barely misses you. The orc hits you with a +0 hand axe.
The dart slug bites you but does no damage.
You sock the orc!
You kill the orc!
You hit the orc. You drain the orc.
You kill the orc!
The dart slug bites you.
You completely miss the frilled lizard.
The frilled lizard bites you but does no damage.
The dart slug launches a dart at you.
The slug dart hits you but does no damage.
The frilled lizard barely misses you.
You miss the frilled lizard.
The dart slug bites you but does no damage.
The frilled lizard closely misses you.
You barely miss the frilled lizard.
The frilled lizard bites you but does no damage.
The dart slug bites you but does no damage.
You miss the frilled lizard.
The frilled lizard bites you but does no damage.
The orc priest calls down the wrath of Beogh upon you.
Beogh smites you!
* * * LOW HITPOINT WARNING * * *
The dart slug closely misses you.
You hit the frilled lizard.
You kill the frilled lizard!
The orc priest looks braver for a moment.
The dart slug bites you but does no damage.
The orc priest invokes the aid of Beogh against you.
Beogh smites you!
You die...

#.......'....#.......^..#
#.###.###....#..........#
#.......#....#..........#
###.###.#....#..........#
#.....####.#..........# #
#.#.#.#.############
........# #.#.#.#.#.#
#......ow@# #.#.#.#.#o#
...............
#.#.#.#........
............o...
######........$..
#........... #......∩....
...........


You could see an orc priest, a dart slug and an orc.

Vanquished Creatures
  Terence (D:2)
  Robin (D:2)
  An adder (D:2)
  4 orcs (D:3)
  2 ball pythons
  7 bats
  6 endoplasms
  4 giant cockroaches
  12 goblins
  6 hobgoblins
  3 jackals (D:1)
  3 kobolds (D:3)
  2 quokkas
  2 frilled lizards
  4 rats
58 creatures vanquished.

Vanquished Creatures (others)
  4 plants
4 creatures vanquished.

Grand Total: 62 creatures vanquished

Notes
Turn   | Place    | Note
-------+----------+-------------------------------------------
     0 | D:1      | Mickster the Demigod Wanderer began the quest for the Orb.
     0 | D:1      | Mickster set off with the following items: a +0 dagger, a
                  | potion of attraction, a potion of heal wounds, a +2 scale
                  | mail; and the following spell memorised: Sting; and the
                  | following spells available to memorise: Ignite Poison.
     0 | D:1      | Reached XP level 1. HP: 14/14 MP: 4/4
   261 | D:1      | Reached XP level 2. HP: 20/20 MP: 5/5
   313 | D:1      | Reached skill level 4 in Armour
  1091 | D:2      | Noticed Robin
  1097 | D:2      | Reached XP level 3. HP: 27/27 MP: 6/6
  1113 | D:2      | Killed Robin
  1121 | D:2      | Reached skill level 1 in Axes
  1225 | D:2      | Noticed Terence
  1241 | D:2      | Killed Terence
  1242 | D:2      | Reached XP level 4. HP: 21/34 MP: 8/8
  2177 | D:3      | Found Denir's Assorted Antiques.
  2197 | D:3      | Bought a scroll labelled PID WIANGEPA for 28 gold pieces
  2562 | D:3      | Found Jeogh's Book Shoppe.
  2586 | D:3      | Killed from afar by an orc priest

Illustrated notes

Levels and vault maps discovered:
D:1:      heliophobic_arrival_ceremonial_halls, layout_basic,
          dreamdust_ecumenical_altar_grove, minivault_19, minmay_split_cup_small
D:2:      layout_loops_ring, uniq_robin, uniq_terence
D:3:      layout_basic, serial_shops, shop, shop, nicolae_shop_statue_plus,
          nicolae_shop_overgrown_old_shop, st_stairs_8

Skill      XL: |  1  2  3  4 |
---------------+-------------+-----
Armour         | 4 |  4.1
Axes           | 1 |  1.1
Throwing       | 2 |  2.0
Fighting       | |  0.9
Short Blades   | |  0.8
Staves         | |  0.1
Dodging        | |  0.3
Spellcasting   | |  1.4
Transmutations | |  0.3
Poison Magic   | |  3.8

Action                     |  1- 3 |  4- 6 || total
---------------------------+-------+-------++-------
  Melee: Dagger            |    95 |       ||    95
         Punch             |     1 |     1 ||     2
         War axe           |    88 |    42 ||   130
         Quarterstaff      |       |    19 ||    19
    Use: Potion            |     3 |       ||     3
         Scroll            |     2 |     3 ||     5
 Armour: Scale mail        |   130 |       ||   130
         Chain mail        |       |    49 ||    49
  Dodge: Dodged            |    90 |    29 ||   119

Table legend: (Time is in decaauts)
 A = Elapsed time spent in this place.
 B = Non-inter-level travel time spent in this place.
 C = Inter-level travel time spent in this place.
 D = Time resting spent in this place.
 E = Time spent auto-exploring this place.
 F = Levels seen in this place.
 G = Mean time per level.
                   A        B        C        D        E       F      G
               +--------+--------+--------+--------+--------+-----+--------+
         Total |   2647 |   2444 |    203 |    520 |      0 |   3 |  882.3 |
       Dungeon |   2647 |   2444 |    203 |    520 |      0 |   3 |  882.3 |
               +--------+--------+--------+--------+--------+-----+--------+

Top non-repeatable levels by time:
     D:2: 1338 daAuts
     D:1: 846 daAuts
     D:3: 462 daAuts
